 Dungeon Crawl Stone Soup version 0.25-a0-571-gb5e01bd (webtiles) character file.

Game seed: 8635466196789300723, levelgen mode: deterministic

401028 Laraso the Centaur Blade (level 22, -19/202 HPs)
             Began as a Centaur Assassin on Feb 27, 2020.
             Was the Champion of Yredelemnul.
             Demolished by a golden dragon simulacrum (21 damage)
             ... summoned by a vampire mage
             ... on level 3 of the Depths on Feb 29, 2020.
             The game lasted 01:56:31 (56653 turns).

Laraso the Centaur Blade (Centaur Assassin)        Turns: 56653, Time: 01:56:31

Health: -19/202    AC: 38    Str: 22    XL:     22   Next: 28%
Magic:  10/10      EV: 16    Int: 11    God:    Yredelemnul [******]
Gold:   2856       SH:  0    Dex: 19    Spells: 12/24 levels left

rFire    . . .     SeeInvis .   Z - +2 triple sword of Irritation {antimagic, rN+ Dex+4}
rCold    . . .     Gourm    .   (shield currently unavailable)
rNeg     + . .     Faith    .   W - +8 chain mail of the Original Sin {rElec}
rPois    .         Spirit   .   q - +2 hat {MR+}
rElec    +         Reflect  .   c - +2 cloak
rCorr    .         Harm     .   y - +2 pair of gloves "Sucunn" {MR+ Dex+3}
MR       +++..                  w - +4 centaur barding {Stlth+}
Stlth    ..........             F - amulet of regeneration
HPRegen  0.83/turn              u - +4 ring of evasion
MPRegen  0.12/turn              B - +4 ring of protection

@: corroded, very quick
A: large, hooves 3, deformed body, speed 2, mutation resistance 1, tough skin 3
}: 2/15 runes: serpentine, barnacled
a: Recall Undead Slaves, Injury Mirror, Animate Dead, Drain Life, Enslave Soul,
Renounce Religion


You were on level 3 of the Depths.
You worshipped Yredelemnul.
Yredelemnul was exalted by your worship.
You were not hungry.

You visited 8 branches of the dungeon, and saw 41 of its levels.

You collected 4974 gold pieces.
You spent 2118 gold pieces at shops.

Inventory:

Hand Weapons
 Z - the +2 triple sword of Irritation (weapon) {antimagic, rN+ Dex+4}
   (You acquired it on level 2 of the Snake Pit)

   It reduces the magical energy of the wielder, and disrupts the spells and
   magical abilities of those hit.
   Natural abilities and divine invocations are not affected.
   It affects your dexterity (+4).
   It protects you from negative energy.
Armour
 c - a +2 cloak (worn)
 q - a +2 hat of magic resistance (worn)
 w - a +4 centaur barding of stealth (worn)
 y - the +2 pair of gloves "Sucunn" (worn) {MR+ Dex+3}
   (You bought it in a shop on level 2 of the Elven Halls)

   It affects your dexterity (+3).
   It affects your resistance to hostile enchantments.
   If you remove this armour, your AC will decrease by 3 (38 -> 35).
 W - the +8 chain mail of the Original Sin (worn) {rElec}
   (You found it on level 4 of the Vaults)

   It insulates you from electricity.
   If you remove this armour, your AC will decrease by 16 (38 -> 22).
Jewellery
 u - a +4 ring of evasion (left hand)
 x - the ring of Xuir {rElec rC- MR+ rCorr}
   (You acquired it on level 5 of the Dungeon)

   [ring of resist corrosion]

   It makes you vulnerable to cold.
   It insulates you from electricity.
   It affects your resistance to hostile enchantments.
   It provides partial protection from all sources of acid and corrosion.
 B - a +4 ring of protection (right hand)
 F - an amulet of regeneration (around neck)
 H - the amulet "Uteimpit" {Gourm MR- MP+9 Dex+2}
   (You took it off a vampire mage on level 2 of the Depths)

   [amulet of the gourmand]

   It allows you to eat raw meat even when not hungry.
   It affects your dexterity (+2).
   It affects your resistance to hostile enchantments.
   It affects your magic capacity (+9).
 Q - an uncursed ring of protection from magic
 U - an uncursed ring of protection from cold
Wands
 a - a wand of scattershot (15)
 g - a wand of disintegration (16)
 p - a wand of paralysis (34)
 s - a wand of enslavement (27)
 v - a wand of digging (1)
 A - a wand of clouds (4)
 M - a wand of iceblast (27)
 P - a wand of acid (24)
Scrolls
 b - 9 scrolls of amnesia
 d - a scroll of summoning
 i - 2 scrolls of vulnerability
 k - 17 scrolls of teleportation
 m - 9 scrolls of blinking
 n - 18 scrolls of remove curse
 t - 8 scrolls of magic mapping
 D - 3 scrolls of fear
 J - a scroll of enchant armour
 K - 5 scrolls of fog
 R - a scroll of identify
Potions
 e - 2 potions of berserk rage
 h - 7 potions of brilliance
 j - 8 potions of curing
 l - 4 potions of resistance
 z - 4 potions of lignification
 C - 2 potions of flight
 E - a potion of might
 G - 5 potions of cancellation
 I - a potion of invisibility
 L - 6 potions of heal wounds
 N - 2 potions of ambrosia
 S - 2 potions of haste
 T - a potion of mutation
 V - 4 potions of magic
Miscellaneous
 o - a tin of tremorstones
Comestibles
 f - 51 rations
 r - a chunk of flesh


   Skills:
 - Level 18.0 Fighting
   Level 2.0(16.6) Short Blades
 - Level 24.0 Long Blades
   Level 2.5 Maces & Flails
 - Level 2.1 Throwing
 - Level 12.0 Armour
 - Level 12.0 Dodging
 - Level 2.5 Stealth
 * Level 1.8 Spellcasting
 * Level 2.3 Hexes
 * Level 2.3 Charms
 - Level 13.0 Invocations


You had 12 spell levels left.
You knew the following spells:

 Your Spells              Type           Power        Failure   Level  Hunger
a - Summon Butterflies    Summ           #.......     86%         1    ##.....
b - Apportation           Tloc           #.....       86%         1    ##.....
c - Song of Slaying       Chrm           #.......     67%         2    ###....
d - Spectral Weapon       Hex/Chrm       #.......     88%         3    ####...
e - Silence               Hex/Air        #.........   100%        5    ######.

Your spell library contained the following spells:

 Spells                   Type           Power        Failure   Level  Hunger
 Infusion                 Chrm           #...         52%         1    ##.....
 Ensorcelled Hibernation  Hex/Ice        #.....       83%         2    ###....
 Shroud of Golubria       Chrm/Tloc      #.....       83%         2    ###....
 Swiftness                Chrm/Air       #.......     83%         2    ###....
 Beastly Appendage        Tmut           #.....       86%         1    ##.....
 Foxfire                  Conj/Fire      #...         86%         1    ##.....
 Freeze                   Ice            #...         86%         1    ##.....
 Sting                    Tmut/Pois      #...         86%         1    ##.....
 Confusing Touch          Hex            #.......     88%         3    ####...
 Tukima's Dance           Hex            #.......     88%         3    ####...
 Passwall                 Tmut/Erth      #.......     94%         2    ###....
 Poisonous Vapours        Pois/Air       #.....       94%         2    ###....
 Sticks to Snakes         Tmut           #.......     94%         2    ###....
 Inner Flame              Hex/Fire       #.......     97%         3    ####...
 Ozocubu's Armour         Chrm/Ice       #.......     97%         3    ####...
 Call Canine Familiar     Summ           #.......     99%         3    ####...
 Conjure Flame            Conj/Fire      #.......     99%         3    ####...
 Frozen Ramparts          Ice            #.....       99%         3    ####...
 Gell's Gravitas          Tloc           #.........   99%         3    ####...
 Ignite Poison            Fire/Tmut/Pois #.......     99%         3    ####...
 Lesser Beckoning         Tloc           #.........   99%         3    ####...
 Mephitic Cloud           Conj/Pois/Air  #.......     99%         3    ####...
 Recall                   Summ/Tloc      N/A          99%         3    ####...
 Spider Form              Tmut/Pois      #.........   99%         3    ####...
 Cause Fear               Hex            #.........   99%         4    #####..
 Hailstorm                Conj/Ice       #.......     100%        4    #####..
 Ice Form                 Ice/Tmut       #.......     100%        4    #####..
 Olgreb's Toxic Radiance  Pois           #.......     100%        4    #####..
 Passage of Golubria      Tloc           N/A          100%        4    #####..
 Petrify                  Tmut/Erth      #.......     100%        4    #####..
 Sticky Flame             Conj/Fire      #.......     100%        4    #####..
 Summon Ice Beast         Ice/Summ       #.......     100%        4    #####..
 Alistair's Intoxication  Tmut/Pois      #.......     100%        5    ######.
 Aura of Abjuration       Summ           #.........   100%        5    ######.
 Blade Hands              Tmut           #.........   100%        5    ######.
 Borgnjor's Vile Clutch   Necr/Erth      #.........   100%        5    ######.
 Fireball                 Conj/Fire      #.........   100%        5    ######.
 Irradiate                Conj/Tmut      #.........   100%        5    ######.
 Lee's Rapid Deconstruct  Erth           #.........   100%        5    ######.
 Metabolic Englaciation   Hex/Ice        #.........   100%        5    ######.
 Summon Demon             Summ           #.........   100%        5    ######.
 Summon Forest            Summ/Tloc      #.........   100%        5    ######.
 Summon Mana Viper        Hex/Summ       #.......     100%        5    ######.
 Yara's Violent Unravell  Hex/Tmut       #.........   100%        5    ######.
 Darkness                 Hex            #.........   100%        6    #######
 Deflect Missiles         Chrm/Air       #.........   100%        6    #######
 Eringya's Noxious Bog    Tmut/Pois      #.........   100%        6    #######
 Freezing Cloud           Conj/Ice/Air   #.........   100%        6    #######
 Hydra Form               Tmut           #.........   100%        6    #######
 Invisibility             Hex            #.......     100%        6    #######
 Ozocubu's Refrigeration  Ice            #.........   100%        6    #######
 Shadow Creatures         Summ           N/A          100%        6    #######
 Simulacrum               Ice/Necr       #.........   100%        6    #######
 Statue Form              Tmut/Erth      #........    100%        6    #######
 Dragon Form              Tmut           #.........   100%        7    #######
 Summon Hydra             Summ           #.........   100%        7    #######
 Discord                  Hex            #.........   100%        8    #######


Dungeon Overview and Level Annotations

Branches:
Dungeon (15/15)            Temple (0/1) D:5            Lair (6/6) D:10
 Shoals (4/4) Lair:4        Snake (4/4) Lair:4        Slime (0/5) Lair:5
    Orc (2/2) D:12            Elf (3/3) Orc:2        Vaults (4/5) D:14
  Crypt (0/3) Vaults:2     Depths (3/5) D:15

Altars:
Cheibriados
Kikubaaqudgha
Okawaru
Sif Muna
Trog
Uskayaw
Vehumet
Yredelemnul
Zin
The Shining One
Beogh
Jiyva

Shops:
D:13 %   Orc:1 %   Orc:2 [:}(*[   Elf:2 [   Snake:1 *   Snake:4 :   Vaults:2 [
Vaults:4 *   Depths:3 :

Portals:
Hell: Depths:1 Depths:2
Pandemonium: Depths:1

Annotations:
Lair:1 3 runed translucent doors, Lychonis's ghost, journeyman GrCj; subsume's ghost, journeyman TeAE
Lair:2 3 runed translucent doors, Dinwy's ghost, journeyman MiFi
Elf:2 3 runed translucent doors


Innate Abilities, Weirdness & Mutations

You have hooves in place of feet.
Armour fits poorly on your strangely shaped body.
You cover ground very quickly.
You have extremely tough skin. (AC +3)
You are somewhat resistant to further mutation.


Message History

The golden dragon simulacrum barely misses you.
The golden dragon simulacrum claws you but does no damage.
The golden dragon simulacrum tramples you but does no damage.
You slice the jiangshi!!
You kick the jiangshi, but do no damage.
The jiangshi claws you but does no damage. x2
The caustic shrike claws you!
* * * LOW HITPOINT WARNING * * *
The acid corrodes you!
You are splashed with acid!
* * * LOW HITPOINT WARNING * * *
The jiangshi claws you but does no damage. x2
The vampire closely misses you. The vampire misses you.
You take 17 damage, and have 103/202 hp.
You slice the jiangshi!! You kick the jiangshi.
The caustic shrike closely misses you. The caustic shrike claws you.
* * * LOW HITPOINT WARNING * * *
You are splashed with acid!
* * * LOW HITPOINT WARNING * * *
The golden dragon simulacrum barely misses you.
The golden dragon simulacrum closely misses you.
The golden dragon simulacrum tramples you but does no damage.
You take 12 damage, and have 91/202 hp.
You hit the jiangshi but do no damage.
The caustic shrike claws you but does no damage.
The vampire barely misses you. The vampire completely misses you.
You hit the jiangshi but do no damage. Your kick misses the jiangshi.
The caustic shrike barely misses you.
The golden dragon simulacrum bites you but does no damage.
The golden dragon simulacrum claws you but does no damage.
The golden dragon simulacrum tramples you.
* * * LOW HITPOINT WARNING * * *
The golden dragon simulacrum freezes you!!!
* * * LOW HITPOINT WARNING * * *
The vampire hits you but does no damage.
The vampire barely misses you. The caustic shrike closely misses you.
You take 54 damage, and have 37/202 hp.
MASSIVE DAMAGE!!
You slice the jiangshi!!
You destroy the jiangshi!
The caustic shrike closely misses you.
The vampire is infused with unholy energy.
* * * LOW HITPOINT WARNING * * *
The vampire draws life force from you and is healed!
There is a stone staircase leading up, spattered with blood here.
You take 7 damage, and have 30/202 hp.
The caustic shrike misses you. The caustic shrike claws you!
* * * LOW HITPOINT WARNING * * *
You are splashed with acid!
* * * LOW HITPOINT WARNING * * *
The vampire barely misses you. The vampire bites you!
* * * LOW HITPOINT WARNING * * *
The vampire draws strength from your injuries!
The golden dragon simulacrum misses you.
You riposte.
You hit the golden dragon simulacrum but do no damage.
You kick the golden dragon simulacrum, but do no damage.
The golden dragon simulacrum claws you.
* * * LOW HITPOINT WARNING * * *
The golden dragon simulacrum freezes you!!
You die...
Your body rises from the dead as a mindless zombie.

###############
#.............#
#.............#
#........#.#..#
#...VZ........#
#..†@b).#.∩.#.#####
#..###.#.....#.#.)#
#..###.###.####[.#.#
##...+......i.C...##.#
##.#.#.#.......Y....##.
#............###)(.#.##
##.#.#.###..####(((##.C
####<.[....#
#..#.....##.i
#....[..#.## #.....#.##


You could see a caustic shrike, a vampire and a golden dragon simulacrum.

Vanquished Creatures
  Margery (Vaults:2)
  Vashnia (Snake:4)
  A caustic shrike (Depths:2)
  A bone dragon (Vaults:2)
  Rupert (D:14)
  Asterion (D:15)
  2 liches
  A deep elf master archer (Elf:3)
  2 titans (Depths:2)
  3 acid blobs (Depths:1)
  2 sphinxes
  Gastronok (D:8)
  2 tengu reavers (Depths:3)
  A fire giant (Depths:2)
  2 nagarajas (Snake:4)
  5 vault wardens
  4 frost giants
  An azure jelly (Depths:1)
  4 deep elf sorcerers (Elf:3)
  5 deep elf elementalists (Elf:3)
  5 ironheart preservers
  A vampire knight (Depths:2)
  12 very ugly things
  6 stone giants
  6 deep elf demonologists
  4 deep elf annihilators (Elf:3)
  A merfolk javelineer (Shoals:4)
  A death ooze (Depths:1)
  5 merfolk impalers
  5 ettins
  3 deep elf high priests (Elf:3)
  2 fire dragons
  Josephine (Lair:3)
  8 ogre magi
  7 yaktaur captains
  2 deep elf death magi (Elf:3)
  3 naga warriors
  A jiangshi (Depths:2)
  6 hydras
  7 great orbs of eyes
  4 rakshasas
  2 ice dragons
  3 vault guards (Vaults:4)
  Erica (D:9)
  A catoblepas (shapeshifter) (Vaults:3)
  2 merfolk avatars
  15 two-headed ogres
  3 spriggan air magi
  A death knight (D:15)
  3 anacondas
  3 tengu warriors
  A queen ant (D:7)
  3 death yaks (Lair:4)
  9 centaur warriors
  A vampire mage (Depths:2)
  6 naga sharpshooters
  3 deep troll shamans
  13 dancing weapons
  3 satyrs
  2 shock serpents (Snake:4)
  8 spriggan berserkers
  4 deep troll earth magi
  6 orc high priests
  11 hell knights
  9 deep elf knights
  A skeletal warrior (D:12)
  Nergalle (Lair:4)
  A fire crab (shapeshifter) (Vaults:1)
  2 salamander mystics (Snake:3)
  A sixfirhy (Depths:1)
  9 deep trolls
  6 unseen horrors
  7 sea snakes
  4 glowing orange brains
  3 flayed ghosts
  12 deep elf archers
  4 naga ritualists
  2 lindwurms (D:12)
  5 wizards
  Pikel (D:7)
  4 harpies
  9 ironbrand convokers
  12 orc knights
  2 phantasmal warriors
  57 deep elf magi
  3 mana vipers (Snake:1)
  2 necromancers (Vaults:3)
  A wolf spider zombie (D:15)
  4 wolf spiders
  7 fauns
  A faun (shapeshifter) (Depths:2)
  4 orc sorcerers
  42 ugly things
  A wolf spider (shapeshifter) (Depths:2)
  4 cyclopes
  4 salamanders
  3 elephants (Lair:5)
  2 salamanders (shapeshifter)
  11 manticores
  Maurice (D:11)
  A guardian serpent (shapeshifter) (Depths:2)
  4 water nymphs
  2 human skeletons
  2 guardian serpents
  8 naga magi
  9 vault sentinels
  A stone giant skeleton (Vaults:4)
  Joseph (D:8)
  4 centaur zombies
  A black mamba (shapeshifter) (Vaults:4)
  17 black mambas
  A gargoyle (D:15)
  3 merfolk sirens
  An orange demon (Depths:1)
  A frost giant skeleton (Vaults:4)
  A hellion (Depths:1)
  A spiny frog (shapeshifter) (Depths:2)
  A komodo dragon (shapeshifter) (Vaults:1)
  12 spiny frogs
  6 komodo dragons
  36 yaktaurs
  An efreet (D:13)
  2 freezing wraiths
  A tengu conjurer (Depths:2)
  6 trolls
  A polar bear (shapeshifter) (D:15)
  5 tyrant leeches
  A wolf spider simulacrum (D:14)
  A tengu simulacrum (Vaults:2)
  3 harpy zombies (Shoals:1)
  4 hornets
  A hornet (shapeshifter) (Vaults:1)
  16 slime creatures
  7 hippogriffs
  2 wind drakes
  9 dream sheep
  Grinder (D:6)
  21 merfolk
  11 blink frogs
  A sphinx simulacrum (Vaults:2)
  A raiju (shapeshifter) (Vaults:4)
  6 snapping turtles
  A shadow (D:14)
  11 water elementals
  A redback (shapeshifter) (Vaults:4)
  3 spriggans (Depths:3)
  2 centaur simulacra (D:14)
  5 air elementals
  6 wyverns
  10 fire elementals
  5 wraiths
  A fire bat (Shoals:2)
  30 yaks
  A basilisk (D:7)
  3 hogs (Lair:6)
  9 humans (D:14)
  7 vampire mosquitoes
  A basilisk (shapeshifter) (D:13)
  2 hungry ghosts
  6 wargs
  A yaktaur simulacrum (Vaults:4)
  4 soldier ants
  34 nagas
  Menkaure (D:4)
  2 floating eyes (Elf:3)
  3 acid dragons
  16 water moccasins
  10 porcupines
  A sky beast (shapeshifter) (Vaults:1)
  2 sky beasts (D:12)
  6 ice beasts
  4 black bears
  A black bear (shapeshifter) (D:14)
  4 slaves (D:7)
  47 orc warriors
  2 eyes of draining
  2 phantoms
  2 necrophages
  30 ogres
  12 wolves
  6 boggarts
  An orc skeleton (Vaults:2)
  6 crocodiles
  13 centaurs
  2 big kobolds
  2 hippogriff zombies (Shoals:1)
  16 bullfrogs
  6 earth elementals
  A wyvern zombie (D:15)
  A water moccasin zombie (D:4)
  4 scorpions
  2 killer bees (D:6)
  11 wights
  4 howler monkeys
  4 electric eels
  5 crimson imps
  5 vampire bats
  A bullfrog zombie (D:12)
  9 jellies
  2 quasits
  3 hounds
  14 orc priests
  6 centaur skeletons
  13 orc wizards
  3 bullfrog skeletons
  7 iguanas
  Ijyb (D:4)
  Natasha (thrice) (D:3)
  31 worker ants
  2 hell rats (D:12)
  A hound skeleton (D:6)
  A hound zombie (D:8)
  A worker ant zombie (D:8)
  7 gnolls
  8 adders
  4 river rats (D:12)
  4 shadow imps
  2 white imps (D:14)
  An ufetubus (D:14)
  An ooze (D:1)
  3 adder skeletons
  8 worms (D:12)
  2 dart slugs (D:2)
  3 leopard geckos
  65 orcs
  5 ball pythons
  5 giant cockroaches
  14 goblins
  5 hobgoblins
  9 jackals
  15 kobolds
  7 quokkas
  19 bats
  5 frilled lizards
  A leopard gecko skeleton (D:5)
  16 rats
  A plant (Lair:6)
1376 creatures vanquished.

Vanquished Creatures (collateral kills)
  Mara (Depths:1)
  Frederick (Vaults:3)
  Nikola (Depths:1)
  A deep elf blademaster (Elf:2)
  2 deep elf master archers
  An acid blob (Depths:1)
  11 nagarajas
  2 azure jellies (Depths:1)
  Donald (Shoals:2)
  2 frost giants
  2 fire giants
  An iron dragon (Depths:2)
  2 vault wardens
  3 ironheart preservers (Vaults:3)
  2 deep elf elementalists
  2 orc warlords (Orc:1)
  5 very ugly things
  3 stone giants
  6 deep elf annihilators
  A deep elf demonologist (Vaults:4)
  4 merfolk javelineers
  2 ettins (Depths:2)
  2 jiangshi (Depths:2)
  A deep elf death mage (Elf:3)
  A fire dragon (D:15)
  5 merfolk impalers
  2 deep elf high priests (Elf:3)
  A yaktaur captain (Vaults:4)
  A rakshasa (D:14)
  22 naga warriors
  2 vault guards (Vaults:4)
  2 alligator snapping turtles
  A spriggan air mage (Depths:3)
  An anaconda (Snake:2)
  8 two-headed ogres
  6 merfolk aquamancers
  2 centaur warriors
  A deep troll earth mage (D:15)
  A vampire mage (Depths:2)
  Urug (Lair:3)
  An ogre mage (Vaults:3)
  2 death yaks (Lair:4)
  5 shock serpents
  15 naga sharpshooters
  An orc high priest (Orc:2)
  A shock serpent (shapeshifter) (Depths:2)
  A spriggan berserker (Depths:2)
  A spriggan (Depths:2)
  2 fire crabs (Shoals:2)
  4 slime creatures (D:15)
  5 skeletal warriors
  7 deep trolls
  A salamander mystic (Snake:1)
  4 hell knights
  An unseen horror (D:14)
  3 sea snakes
  2 wizards
  A kraken simulacrum (Shoals:4)
  3 naga ritualists
  7 harpies
  4 deep elf archers
  2 ironbrand convokers (Vaults:3)
  6 orc knights
  3 necromancers
  10 ugly things
  3 mana vipers
  A mana viper (shapeshifter) (Depths:3)
  8 salamanders
  5 orc sorcerers
  11 deep elf magi
  A manticore (Shoals:3)
  4 fauns
  8 cyclopes
  An elephant (Lair:5)
  A salamander (shapeshifter) (Depths:3)
  A guardian serpent (shapeshifter) (Vaults:2)
  A water nymph (Shoals:4)
  5 vault sentinels
  6 merfolk sirens
  3 guardian serpents (Snake:4)
  10 spiny frogs
  15 naga magi
  16 black mambas
  An orange demon (Depths:1)
  2 freezing wraiths
  10 yaktaurs
  A kobold demonologist (D:15)
  5 komodo dragons
  A troll (shapeshifter) (Vaults:3)
  An ice devil (Depths:1)
  26 merfolk
  A polar bear (D:14)
  A troll (D:15)
  2 wind drakes
  12 blink frogs
  A harpy zombie (Shoals:1)
  2 hornets
  A harpy skeleton (D:15)
  3 hippogriffs
  3 meliai zombies
  4 dream sheep
  A hippogriff (shapeshifter) (D:14)
  5 snapping turtles
  11 yaks
  7 water elementals
  7 humans (D:14)
  A wyvern (D:15)
  A human (shapeshifter) (Vaults:3)
  2 wraiths (D:15)
  3 hogs (Lair:6)
  A basilisk (Lair:2)
  2 hungry ghosts
  A human simulacrum (Vaults:3)
  7 vampire mosquitoes
  37 nagas
  2 wargs (Orc:1)
  A soldier ant (D:8)
  4 water moccasins
  A porcupine (D:10)
  15 orc warriors
  A black bear (D:10)
  2 boggarts (Vaults:3)
  7 ogres
  3 wolves
  7 bullfrogs
  A killer bee (D:6)
  2 electric eels
  2 wights (D:11)
  A vampire bat (D:9)
  2 howler monkeys (D:8)
  A jelly (D:10)
  11 orc wizards
  4 orc priests
  3 worker ants
  A mummy (D:8)
  A shadow imp (D:12)
  A white imp (D:14)
  A worm (D:12)
  19 orcs
  2 ball pythons (D:12)
  A rat (D:12)
  12 fungi
  25 plants
604 creatures vanquished.

Vanquished Creatures (others)
  2 profane servitors (Snake:4)
  A fire giant (D:15)
  7 ghouls
  A deep elf elementalist (Elf:3)
  2 vampire knights
  A very ugly thing zombie (Depths:3)
  A spectral human (Lair:6)
  A deep troll earth mage (Depths:1)
  A demigod skeleton (Vaults:3)
  2 flayed ghosts
  2 skeletal warriors
  A sea snake (Shoals:4)
  An anaconda skeleton (Snake:2)
  3 phantasmal warriors (Depths:1)
  A tengu zombie (Depths:3)
  A tengu skeleton (Depths:3)
  4 ugly thing zombies
  9 human skeletons
  2 frost giant zombies
  A stone giant zombie (Depths:1)
  A shock serpent zombie (Snake:4)
  A fire giant skeleton (Depths:2)
  A shock serpent skeleton (Snake:2)
  10 human zombies
  3 sea snake zombies
  A ghoul skeleton (Vaults:3)
  A harpy zombie (Vaults:3)
  5 deep troll zombies (Depths:3)
  2 guardian serpent zombies (Snake:4)
  A spriggan skeleton (Depths:2)
  An ettin zombie (Depths:2)
  7 flying skulls
  An air elemental (Elf:3)
  7 black mamba zombies
  2 spriggan zombies
  7 vampires
  2 wraiths
  A faun zombie (Shoals:1)
  6 merfolk zombies
  3 two-headed ogre zombies
  2 spiny frog zombies (Lair:6)
  A deep troll skeleton (Depths:2)
  A merfolk skeleton (Shoals:1)
  2 hornet zombies (Depths:3)
  16 elf zombies
  An orc warrior (Orc:1)
  4 blink frog zombies
  A lindwurm zombie (D:12)
  2 boggarts (Vaults:3)
  An ogre (Vaults:3)
  5 vampire mosquito zombies
  A naga skeleton (Snake:4)
  13 elf skeletons
  A manticore skeleton (Shoals:2)
  3 hog zombies (Lair:6)
  A dream sheep skeleton (Shoals:1)
  9 naga zombies
  12 yaktaur zombies
  A cyclops zombie (Shoals:4)
  3 water moccasin zombies
  A warg zombie (Orc:2)
  A wyvern skeleton (D:15)
  4 yaktaur skeletons
  A troll zombie (Orc:2)
  A wight (Lair:6)
  3 wolf zombies (Lair:6)
  A bullfrog zombie (Lair:6)
  A centaur zombie (D:14)
  2 black bear zombies
  A crocodile skeleton (Lair:6)
  A black bear skeleton (D:10)
  2 porcupine zombies
  5 ogre zombies
  An acid dragon zombie (D:15)
  An ogre skeleton (Vaults:3)
  A necrophage skeleton (D:8)
  2 mummies
  3 worker ant zombies (D:7)
  A gnoll (Orc:1)
  21 orc zombies
  An orc (Orc:1)
  A bat skeleton (D:12)
  A bat zombie (D:12)
  2 ball python zombies (D:12)
  A kobold zombie (D:10)
  4 orc skeletons
  A rat skeleton (D:12)
  A rat zombie (D:12)
  A river rat zombie (D:12)
  36 fungi
  28 plants
  12 tentacles
330 creatures vanquished.

Grand Total: 2310 creatures vanquished

Notes
Turn   | Place    | Note
-------+----------+-------------------------------------------
     0 | D:1      | Laraso the Centaur Assassin began the quest for the Orb.
     0 | D:1      | Reached XP level 1. HP: 17/17 MP: 1/1
   765 | D:1      | Reached skill level 2 in Short Blades
   772 | D:1      | Reached skill level 1 in Maces & Flails
   874 | D:1      | Reached XP level 2. HP: 22/24 MP: 2/2
  2075 | D:2      | Reached skill level 3 in Fighting
  2098 | D:2      | Reached XP level 3. HP: 21/31 MP: 3/3
  2292 | D:2      | HP: 12/31 [poisoned by an adder]
  3041 | D:3      | Noticed Natasha
  3073 | D:3      | Killed Natasha
  3073 | D:3      | Reached skill level 4 in Fighting
  3073 | D:3      | Reached XP level 4. HP: 35/40 MP: 4/4
  3291 | D:3      | Noticed Natasha
  3296 | D:3      | Killed Natasha
  3298 | D:3      | Noticed Natasha
  3304 | D:3      | Killed Natasha
  3304 | D:3      | Reached skill level 5 in Fighting
  3304 | D:3      | Reached XP level 5. HP: 38/48 MP: 5/5
  3369 | D:3      | Found an ancient bone altar of Kikubaaqudgha.
  3370 | D:3      | Found a snail-covered altar of Cheibriados.
  3370 | D:3      | Found a hide-covered altar of Uskayaw.
  3371 | D:3      | Found a basalt altar of Yredelemnul.
  3417 | D:3      | Became a worshipper of Yredelemnul the Dark
  3822 | D:4      | Found an iron altar of Okawaru.
  3822 | D:4      | Noticed Ijyb
  3835 | D:4      | Killed Ijyb
  3862 | D:4      | Reached skill level 6 in Fighting
  3862 | D:4      | Reached XP level 6. HP: 48/57 MP: 6/6
  3949 | D:4      | Reached skill level 2 in Maces & Flails
  3976 | D:4      | Noticed Menkaure
  3981 | D:4      | HP: 13/57 [??? (11)]
  3982 | D:4      | Killed Menkaure
  4340 | D:4      | Reached skill level 7 in Fighting
  4340 | D:4      | Reached XP level 7. HP: 58/66 MP: 7/7
  4425 | D:4      | Reached * piety under Yredelemnul
  4604 | D:5      | Entered Level 5 of the Dungeon
  4683 | D:5      | Found a glowing golden altar of the Shining One.
  4723 | D:5      | Reached skill level 8 in Fighting
  4820 | D:5      | HP: 16/68 [ogre/+0 giant spiked club (20)]
  5409 | D:5      | Reached skill level 9 in Fighting
  5409 | D:5      | Reached XP level 8. HP: 78/78 MP: 8/8
  5521 | D:5      | Found a shimmering blue altar of Sif Muna.
  5559 | D:5      | Found a staircase to the Ecumenical Temple.
  5625 | D:5      | Found a radiant altar of Vehumet.
  5863 | D:5      | Identified a scroll of acquirement
  5863 | D:5      | Identified the ring of Xuir {rElec rC- MR+ rCorr} (You
                  | acquired it on level 5 of the Dungeon)
  6097 | D:6      | Noticed Grinder
  6108 | D:6      | Killed Grinder
  6108 | D:6      | Reached skill level 10 in Fighting
  6177 | D:6      | Found an iron altar of Okawaru.
  6569 | D:6      | HP: 32/81 [killer bee (5)]
  6574 | D:6      | HP: 24/81 [poisoned by a killer bee]
  6579 | D:6      | HP: 14/81 [poisoned by a killer bee]
  6584 | D:6      | HP: 12/81 [poisoned by a killer bee]
  6589 | D:6      | HP: 10/81 [poisoned by a killer bee]
  6594 | D:6      | HP: 9/81 [poisoned by a killer bee]
  6601 | D:6      | HP: 9/81 [poisoned by a killer bee]
  6609 | D:6      | HP: 9/81 [poisoned by a killer bee]
  7236 | D:7      | Reached skill level 11 in Fighting
  7254 | D:7      | Reached XP level 9. HP: 86/89 MP: 9/9
  7280 | D:7      | Noticed Pikel
  7574 | D:7      | Reached ** piety under Yredelemnul
  7822 | D:7      | Killed Pikel
  7822 | D:7      | Reached skill level 12 in Fighting
  7822 | D:7      | Reached skill level 2 in Invocations
  7827 | D:7      | Reached skill level 3 in Invocations
  8424 | D:7      | HP: 34/90 [orc warrior/+0 dire flail (15)]
  8425 | D:7      | Reached skill level 4 in Invocations
  8728 | D:8      | Reached skill level 5 in Invocations
  8756 | D:8      | HP: 33/90 [black bear (6)]
  8776 | D:8      | Found a bloodstained altar of Trog.
  8778 | D:8      | HP: 30/90 [howler monkey (1)]
  8783 | D:8      | Reached skill level 6 in Invocations
  9165 | D:8      | HP: 36/90 [black bear (5)]
  9170 | D:8      | Reached skill level 7 in Invocations
  9495 | D:8      | Reached XP level 10. HP: 44/97 MP: 15/15
  9496 | D:8      | HP: 35/97 [orc wizard/puff of frost (9)]
  9497 | D:8      | Noticed Gastronok
  9515 | D:8      | HP: 38/97 [bat[Gastronok] (1)]
  9789 | D:7      | HP: 30/97 [basilisk (10)]
  9792 | D:7      | HP: 12/97 [basilisk (9)]
  9799 | D:7      | HP: 12/97 [poisoned by a hornet]
 10347 | D:8      | HP: 34/97 [Gastronok (34)]
 10351 | D:8      | HP: 11/97 [Gastronok/the air (24)]
 10354 | D:8      | Killed Gastronok
 10354 | D:8      | Reached skill level 10 in Invocations
 10508 | D:7      | Got a spiked ring mail
 10519 | D:7      | Identified the +4 ring mail "Ilentav" {+Fly Regen+ rCorr}
                  | (You found it on level 7 of the Dungeon)
 10632 | D:8      | Noticed Joseph
 10652 | D:8      | Reached skill level 1 in Armour
 10676 | D:8      | Noticed a queen ant
 10738 | D:7      | HP: 34/97 [worker ant (6)]
 10743 | D:7      | HP: 26/97 [poisoned by a worker ant]
 10748 | D:7      | HP: 23/97 [poisoned by a worker ant]
 10754 | D:7      | HP: 20/97 [poisoned by a worker ant]
 10759 | D:7      | HP: 19/97 [poisoned by a worker ant]
 10765 | D:7      | HP: 19/97 [poisoned by a worker ant]
 10771 | D:7      | HP: 17/97 [poisoned by a worker ant]
 10779 | D:7      | HP: 20/97 [poisoned by a worker ant]
 10787 | D:7      | HP: 24/97 [poisoned by a worker ant]
 10930 | D:7      | Reached skill level 2 in Armour
 11174 | D:7      | HP: 38/97 [poisoned by a queen ant]
 11179 | D:7      | HP: 34/97 [poisoned by a queen ant]
 11184 | D:7      | HP: 30/97 [poisoned by a queen ant]
 11189 | D:7      | HP: 28/97 [poisoned by a queen ant]
 11194 | D:7      | HP: 26/97 [poisoned by a queen ant]
 11200 | D:7      | HP: 26/97 [poisoned by a queen ant]
 11207 | D:7      | HP: 27/97 [poisoned by a queen ant]
 11215 | D:7      | HP: 29/97 [poisoned by a queen ant]
 11220 | D:7      | HP: 30/97 [poisoned by a queen ant]
 11225 | D:7      | HP: 32/97 [poisoned by a queen ant]
 11230 | D:7      | HP: 34/97 [poisoned by a queen ant]
 11307 | D:7      | Killed a queen ant
 11307 | D:7      | Reached skill level 4 in Armour
 11307 | D:7      | HP: 38/97 [poisoned by a queen ant]
 11544 | D:8      | Reached *** piety under Yredelemnul
 11678 | D:8      | Killed Joseph
 11745 | D:8      | Reached XP level 11. HP: 84/104 MP: 18/18
 11853 | D:8      | Reached skill level 5 in Armour
 12074 | D:9      | Noticed a centaur warrior
 12092 | D:9      | Killed a centaur warrior
 12144 | D:9      | Noticed a two-headed ogre
 12169 | D:9      | Killed a two-headed ogre
 12169 | D:9      | Reached skill level 6 in Armour
 12294 | D:9      | Noticed a two-headed ogre
 12315 | D:9      | Killed a two-headed ogre
 12315 | D:9      | Received a gift from Yredelemnul (a mummy)
 12829 | D:9      | Noticed Erica
 12866 | D:9      | Killed Erica
 12866 | D:9      | Reached skill level 7 in Armour
 13096 | D:10     | Entered Level 10 of the Dungeon
 13177 | D:10     | Reached skill level 1 in Long Blades
 13204 | D:10     | Reached **** piety under Yredelemnul
 13473 | D:10     | Reached skill level 2 in Long Blades
 13493 | D:10     | Found a staircase to the Lair.
 13600 | D:10     | Reached skill level 3 in Long Blades
 13623 | D:10     | Received a gift from Yredelemnul (a mummy)
 13757 | Lair:1   | Entered Level 1 of the Lair of Beasts
 13769 | Lair:1   | Found a runed translucent gate.
 13772 | Lair:1   | Reached skill level 8 in Armour
 13815 | Lair:1   | Reached skill level 4 in Long Blades
 13879 | Lair:1   | HP: 37/104 [yak (7)]
 13881 | Lair:1   | HP: 7/104 [yak (13)]
 13893 | Lair:1   | HP: 15/104 [yak (1)]
 13906 | Lair:1   | Reached skill level 5 in Long Blades
 14200 | Lair:1   | Found a runed translucent gate.
 14201 | Lair:1   | Found a runed translucent gate.
 14212 | Lair:1   | Noticed subsume's ghost (journeyman TeAE)
 14212 | Lair:1   | Noticed Lychonis's ghost (journeyman GrCj)
 14331 | Lair:1   | Reached XP level 12. HP: 109/112 MP: 19/19
 14331 | Lair:1   | Received a gift from Yredelemnul (a mummy)
 14672 | Lair:2   | Reached skill level 6 in Long Blades
 14681 | Lair:2   | HP: 39/112 [komodo dragon (20)]
 14730 | Lair:2   | HP: 43/112 [komodo dragon (12)]
 14880 | Lair:2   | HP: 42/112 [yak (12)]
 15109 | Lair:2   | Noticed a minotaur
 15109 | Lair:2   | Noticed Dinwy's ghost (journeyman MiFi)
 15130 | Lair:2   | Found a runed translucent gate.
 15130 | Lair:2   | Found a runed translucent gate.
 15130 | Lair:2   | Found a runed translucent gate.
 15186 | Lair:2   | Reached skill level 7 in Long Blades
 15750 | Lair:3   | Noticed a four-headed hydra
 15760 | Lair:3   | Killed a one-headed hydra
 15819 | Lair:3   | Gained mutation: Your mind is acute. (Int +2) [potion of
                  | mutation]
 15819 | Lair:3   | Gained mutation: You expend magic power (3 MP) to
                  | strengthen your wands. [potion of mutation]
 15852 | Lair:3   | Noticed an eight-headed hydra
 15859 | Lair:3   | Killed a four-headed hydra
 15859 | Lair:3   | Reached skill level 8 in Long Blades
 15886 | Lair:3   | Received a gift from Yredelemnul (a mummy)
 16060 | Lair:3   | Noticed Urug
 16101 | Lair:3   | Killed Urug
 16105 | Lair:3   | Reached skill level 9 in Long Blades
 16628 | Lair:4   | Noticed Josephine
 16689 | Lair:3   | Killed Josephine
 16793 | Lair:4   | Reached skill level 10 in Long Blades
 16794 | Lair:4   | Reached ***** piety under Yredelemnul
 16816 | Lair:4   | Lost mutation: You expend magic power (3 MP) to strengthen
                  | your wands. [potion of mutation]
 16816 | Lair:4   | Lost mutation: Your mind is acute. (Int +2) [potion of
                  | mutation]
 16816 | Lair:4   | Gained mutation: You are somewhat resistant to further
                  | mutation. [potion of mutation]
 16905 | Lair:4   | Received a gift from Yredelemnul (a vampire)
 17155 | Lair:4   | Found a staircase to the Snake Pit.
 17159 | Lair:4   | Noticed Nergalle
 17177 | Lair:4   | Killed Nergalle
 17316 | Lair:4   | Found a staircase to the Shoals.
 17777 | Lair:5   | Noticed a four-headed hydra
 17799 | Lair:5   | Killed a one-headed hydra
 17799 | Lair:5   | Reached skill level 11 in Long Blades
 17799 | Lair:5   | Reached XP level 13. HP: 100/118 MP: 20/20
 17854 | Lair:5   | Found a staircase to the Slime Pits.
 18054 | Lair:4   | HP: 45/118 [death yak (17)]
 18055 | Lair:4   | Received a gift from Yredelemnul (a wraith)
 18245 | Lair:5   | Reached skill level 12 in Long Blades
 18585 | Lair:5   | Received a gift from Yredelemnul (a vampire)
 19015 | Lair:6   | Entered Level 6 of the Lair of Beasts
 19025 | Lair:5   | HP: 47/118 [poisoned by a spiny frog]
 19030 | Lair:5   | HP: 36/118 [poisoned by a spiny frog]
 19035 | Lair:5   | HP: 28/118 [poisoned by a spiny frog]
 19040 | Lair:5   | HP: 24/118 [poisoned by a spiny frog]
 19045 | Lair:5   | HP: 21/118 [poisoned by a spiny frog]
 19050 | Lair:5   | HP: 22/118 [poisoned by a spiny frog]
 19055 | Lair:5   | HP: 23/118 [poisoned by a spiny frog]
 19061 | Lair:5   | HP: 27/118 [poisoned by a spiny frog]
 19067 | Lair:5   | HP: 31/118 [poisoned by a spiny frog]
 19075 | Lair:5   | HP: 38/118 [poisoned by a spiny frog]
 19377 | Lair:6   | Noticed Kirke
 19387 | Lair:6   | Noticed a sphinx
 19399 | Lair:6   | Killed Kirke
 19399 | Lair:6   | Enslaved Kirke
 19415 | Lair:6   | Reached skill level 13 in Long Blades
 19424 | Lair:6   | Received a gift from Yredelemnul (a wight)
 19435 | Lair:6   | HP: 41/118 [black mamba (15)]
 19442 | Lair:6   | Your ally Kirke died
 19448 | Lair:6   | Received a gift from Yredelemnul (3 flying skulls)
 19549 | Lair:6   | Received a gift from Yredelemnul (4 flying skulls)
 19722 | Lair:6   | Reached skill level 14 in Long Blades
 19869 | Lair:6   | Received a gift from Yredelemnul (a flayed ghost)
 19924 | Lair:6   | Learned a level 1 spell: Summon Butterflies
 19963 | Lair:6   | Learned a level 1 spell: Apportation
 20263 | D:11     | Noticed Maurice
 20323 | D:11     | Reached XP level 14. HP: 110/126 MP: 21/21
 20341 | D:11     | Killed Maurice
 20615 | D:11     | Received a gift from Yredelemnul (a phantasmal warrior)
 20859 | D:12     | Found a staircase to the Orcish Mines.
 20984 | D:12     | Found a roughly hewn altar of Beogh.
 21236 | D:12     | Received a gift from Yredelemnul (a wraith)
 21344 | D:12     | Reached ****** piety under Yredelemnul
 21389 | D:12     | Received a gift from Yredelemnul (a skeletal warrior)
 21419 | D:12     | Reached skill level 15 in Long Blades
 21489 | D:12     | Received a gift from Yredelemnul (a skeletal warrior)
 21532 | D:12     | HP: 49/126 [skeletal warrior/+1 vorpal long sword[a
                  | skeletal warrior] (7)]
 22348 | D:13     | Found Careumme's Food Emporium.
 22353 | D:13     | Received a gift from Yredelemnul (a skeletal warrior)
 22463 | D:13     | Received a gift from Yredelemnul (a vampire knight)
 22947 | D:14     | Reached skill level 1 in Dodging
 23081 | D:14     | Reached skill level 2 in Dodging
 23081 | D:14     | Received a gift from Yredelemnul (a ghoul)
 23246 | D:14     | HP: 49/126 [electric eel/bolt of electricity (3)]
 23251 | D:14     | HP: 41/126 [hippogriff (shapeshifter) (5)]
 23253 | D:14     | Received a gift from Yredelemnul (a profane servitor)
 23254 | D:14     | Reached skill level 3 in Dodging
 23450 | D:14     | Noticed Rupert
 23475 | D:14     | Killed Rupert
 23475 | D:14     | Reached skill level 4 in Dodging
 23485 | D:14     | Found a gate to the Vaults.
 23505 | D:14     | Reached skill level 5 in Dodging
 23745 | D:14     | Found a glowing silver altar of Zin.
 23745 | D:14     | Noticed an angel
 23954 | D:15     | Entered Level 15 of the Dungeon
 24038 | D:15     | Received a gift from Yredelemnul (a vampire)
 24077 | D:15     | Reached XP level 15. HP: 94/133 MP: 22/22
 24131 | D:15     | Reached skill level 6 in Dodging
 24135 | D:15     | Received a gift from Yredelemnul (a flayed ghost)
 24391 | D:15     | Received a gift from Yredelemnul (a flayed ghost)
 24461 | D:15     | Found a shimmering blue altar of Sif Muna.
 24521 | D:15     | HP: 49/133 [centaur warrior/arrow (5)]
 24527 | D:15     | Reached skill level 7 in Dodging
 24840 | D:15     | Found a staircase to the Depths.
 25086 | Snake:1  | Entered Level 1 of the Snake Pit
 25154 | Snake:1  | Received a gift from Yredelemnul (a ghoul)
 25350 | Snake:1  | Found Zoshill's General Store.
 25738 | Snake:1  | HP: 43/133 [salamander/+0 spear (11)]
 25738 | Snake:1  | Reached skill level 8 in Dodging
 26168 | Snake:1  | Received a gift from Yredelemnul (a bone dragon)
 26174 | Snake:1  | You fall into a shaft and drop 1 floor!
 26673 | Snake:2  | Noticed a nagaraja
 26787 | Snake:1  | Reached skill level 11 in Invocations
 26904 | Snake:2  | Killed a nagaraja
 27042 | Snake:2  | Received a gift from Yredelemnul (a flayed ghost)
 27076 | Snake:2  | Identified the +2 triple sword of Irritation {antimagic,
                  | rN+ Dex+4} (You acquired it on level 2 of the Snake Pit)
 27166 | Snake:2  | Reached skill level 16 in Long Blades
 27356 | Snake:2  | Reached skill level 12 in Invocations
 27559 | Snake:2  | HP: 38/133 [naga mage/poison arrow (16)]
 27560 | Snake:2  | Received a gift from Yredelemnul (a profane servitor)
 27564 | Snake:1  | HP: 26/133 [poisoned by a naga mage (poison arrow)]
 27569 | Snake:1  | HP: 21/133 [poisoned by a naga mage (poison arrow)]
 27574 | Snake:1  | HP: 18/133 [poisoned by a naga mage (poison arrow)]
 27579 | Snake:1  | HP: 18/133 [poisoned by a naga mage (poison arrow)]
 27584 | Snake:1  | HP: 19/133 [poisoned by a naga mage (poison arrow)]
 27589 | Snake:1  | HP: 22/133 [poisoned by a naga mage (poison arrow)]
 27594 | Snake:1  | HP: 26/133 [poisoned by a naga mage (poison arrow)]
 27601 | Snake:1  | HP: 32/133 [poisoned by a naga mage (poison arrow)]
 27609 | Snake:1  | HP: 38/133 [poisoned by a naga mage (poison arrow)]
 27854 | Snake:3  | Noticed a nagaraja
 28118 | Snake:3  | Received a gift from Yredelemnul (a vampire knight)
 28125 | Snake:3  | Killed a nagaraja
 28296 | Snake:3  | Noticed a nagaraja
 28310 | Snake:3  | Killed a nagaraja
 28430 | Snake:3  | Reached XP level 16. HP: 131/139 MP: 8/25
 28952 | Snake:4  | Entered Level 4 of the Snake Pit
 29046 | Snake:4  | Reached skill level 13 in Invocations
 29097 | Snake:4  | Received a gift from Yredelemnul (a vampire)
 29107 | Snake:4  | Found Qiloxtuo's Book Emporium.
 29300 | Snake:4  | Received a gift from Yredelemnul (a flayed ghost)
 29308 | Snake:4  | Noticed Vashnia
 29311 | Snake:4  | HP: 48/139 [Vashnia/bolt (9)]
 29316 | Snake:4  | HP: 28/139 [poisoned by Vashnia (splash of poison)]
 29321 | Snake:3  | HP: 30/139 [poisoned by Vashnia (splash of poison)]
 29327 | Snake:3  | HP: 34/139 [poisoned by Vashnia (splash of poison)]
 29332 | Snake:3  | HP: 37/139 [poisoned by Vashnia (splash of poison)]
 29340 | Snake:3  | HP: 44/139 [poisoned by Vashnia (splash of poison)]
 29476 | Snake:4  | Killed Vashnia
 29476 | Snake:4  | Reached skill level 17 in Long Blades
 29641 | Snake:4  | HP: 55/139 [poisoned by a naga warrior (splash of poison)]
 29643 | Snake:4  | Received a gift from Yredelemnul (a profane servitor)
 29646 | Snake:4  | HP: 35/139 [poisoned by a naga mage (splash of poison)]
 29651 | Snake:4  | HP: 33/139 [poisoned by a naga mage (splash of poison)]
 29656 | Snake:4  | HP: 33/139 [poisoned by a naga mage (splash of poison)]
 29661 | Snake:4  | HP: 35/139 [poisoned by a naga mage (splash of poison)]
 29666 | Snake:4  | HP: 37/139 [poisoned by a naga mage (splash of poison)]
 29671 | Snake:4  | HP: 41/139 [poisoned by a naga mage (splash of poison)]
 29679 | Snake:4  | HP: 48/139 [poisoned by a naga mage (splash of poison)]
 29687 | Snake:4  | HP: 55/139 [poisoned by a naga mage (splash of poison)]
 29814 | Snake:4  | HP: 52/139 [naga warrior/+0 scimitar (7)]
 29819 | Snake:4  | HP: 27/139 [poisoned by a naga ritualist (toxic radiance)]
 29824 | Snake:4  | HP: 23/139 [poisoned by a naga ritualist (toxic radiance)]
 29829 | Snake:4  | HP: 22/139 [poisoned by a naga ritualist (toxic radiance)]
 29835 | Snake:4  | HP: 23/139 [poisoned by a naga ritualist (toxic radiance)]
 29840 | Snake:4  | HP: 25/139 [poisoned by a naga ritualist (toxic radiance)]
 29846 | Snake:4  | HP: 29/139 [poisoned by a naga ritualist (toxic radiance)]
 29852 | Snake:4  | HP: 34/139 [poisoned by a naga ritualist (toxic radiance)]
 29860 | Snake:4  | HP: 41/139 [poisoned by a naga ritualist (toxic radiance)]
 30047 | Snake:4  | HP: 53/139 [naga warrior/+0 long sword (4)]
 30052 | Snake:4  | HP: 54/139 [poisoned by a naga (splash of poison)]
 30057 | Snake:4  | HP: 55/139 [poisoned by a naga (splash of poison)]
 30106 | Snake:4  | Received a gift from Yredelemnul (a vampire)
 30242 | Snake:4  | HP: 41/139 [naga sharpshooter/bolt[Vashnia] (19)]
 30247 | Snake:4  | HP: 30/139 [poisoned by a naga warrior (splash of poison)]
 30247 | Snake:4  | HP: 13/139 [naga sharpshooter/+0 scimitar[Vashnia] (4)]
 30253 | Snake:4  | HP: 23/139 [poisoned by a naga warrior (splash of poison)]
 30260 | Snake:4  | HP: 25/139 [poisoned by a naga warrior (splash of poison)]
 30266 | Snake:4  | HP: 28/139 [poisoned by a naga warrior (splash of poison)]
 30273 | Snake:4  | HP: 33/139 [poisoned by a naga warrior (splash of poison)]
 30281 | Snake:4  | HP: 40/139 [poisoned by a naga warrior (splash of poison)]
 30441 | Snake:4  | Reached skill level 18 in Long Blades
 30456 | Snake:4  | Received a gift from Yredelemnul (a ghoul)
 30505 | Snake:4  | HP: 55/139 [poisoned by a naga ritualist (toxic radiance)]
 30510 | Snake:4  | HP: 52/139 [poisoned by a naga ritualist (toxic radiance)]
 30516 | Snake:4  | HP: 50/139 [poisoned by a naga ritualist (toxic radiance)]
 30521 | Snake:4  | HP: 50/139 [poisoned by a naga ritualist (toxic radiance)]
 30527 | Snake:4  | HP: 53/139 [poisoned by a naga ritualist (toxic radiance)]
 30900 | Snake:4  | Received a gift from Yredelemnul (a bone dragon)
 30905 | Snake:4  | HP: 44/139 [nagaraja/+0 spear (22)]
 30910 | Snake:4  | HP: 41/139 [poisoned by a nagaraja (bolt of poison)]
 30915 | Snake:4  | HP: 40/139 [poisoned by a nagaraja (bolt of poison)]
 30921 | Snake:4  | HP: 39/139 [poisoned by a nagaraja (bolt of poison)]
 30922 | Snake:4  | Got a serpentine rune of Zot
 30926 | Snake:4  | HP: 41/139 [poisoned by a nagaraja (bolt of poison)]
 30932 | Snake:4  | HP: 44/139 [poisoned by a nagaraja (bolt of poison)]
 30937 | Snake:4  | HP: 48/139 [poisoned by a nagaraja (bolt of poison)]
 30944 | Snake:4  | HP: 53/139 [poisoned by a nagaraja (bolt of poison)]
 31192 | Shoals:1 | Entered Level 1 of the Shoals
 31448 | Shoals:1 | Received a gift from Yredelemnul (a ghoul)
 31450 | Shoals:1 | Reached XP level 17. HP: 84/146 MP: 7/26
 31462 | Shoals:1 | Identified the +5 battleaxe "Raoloen" {protect, *Drain
                  | Dex+6}
 31749 | Snake:3  | Got a brightly glowing chain mail
 31750 | Snake:3  | Identified the cursed +0 chain mail of Hepliaklqana's Hope
                  | {MR+++ Str+4 Dex+4 Slay-3} (You found it on level 3 of the
                  | Snake Pit)
 31909 | Orc:1    | Entered Level 1 of the Orcish Mines
 31919 | Orc:1    | Received a gift from Yredelemnul (a phantasmal warrior)
 31921 | Orc:1    | Reached skill level 19 in Long Blades
 31926 | Orc:1    | Found Fipheuv's Food Emporium.
 31974 | Orc:1    | Received a gift from Yredelemnul (a vampire)
 32138 | Orc:2    | Entered Level 2 of the Orcish Mines
 32234 | Orc:1    | Received a gift from Yredelemnul (a flayed ghost)
 32234 | Orc:1    | Received a gift from Yredelemnul (a vampire knight)
 32453 | Orc:2    | Received a gift from Yredelemnul (a vampire knight)
 32484 | Orc:2    | Found Tihoffamn's Armour Shop.
 32503 | Orc:2    | Found Xoruev's General Store.
 32529 | Orc:2    | Received a gift from Yredelemnul (a ghoul)
 32541 | Orc:2    | Bought a scroll of identify for 28 gold pieces
 32781 | Orc:2    | Found Sasigis's Gadget Emporium.
 32806 | Orc:2    | Found Jixeotecs's Book Emporium.
 32819 | Orc:2    | Found a staircase to the Elven Halls.
 32938 | Orc:2    | Found Kaehui's Antique Weapon Shoppe.
 33131 | Orc:2    | Found Muneq's Antique Armour Emporium.
 33139 | Orc:2    | Bought a shiny plate armour for 624 gold pieces
 33139 | Orc:2    | Bought a shiny helmet for 180 gold pieces
 33219 | Orc:2    | Found a roughly hewn altar of Beogh.
 34132 | Shoals:1 | Received a gift from Yredelemnul (a vampire knight)
 34158 | Shoals:2 | HP: 58/146 [manticore (10)]
 34161 | Shoals:2 | HP: 20/146 [manticore (12)]
 34162 | Shoals:2 | HP: 7/146 [manticore (5)]
 34171 | Shoals:2 | HP: 50/146 [merfolk/+0 trident (3)]
 34365 | Shoals:2 | HP: 55/146 [merfolk/+0 trident (4)]
 34372 | Shoals:2 | HP: 58/146 [poisoned by a merfolk impaler]
 34706 | Shoals:2 | HP: 50/146 [merfolk siren/+0 trident of venom (10)]
 34707 | Shoals:2 | HP: 13/146 [alligator snapping turtle (34)]
 34712 | Shoals:2 | HP: 21/146 [poisoned by a merfolk siren]
 34717 | Shoals:2 | HP: 20/146 [poisoned by a merfolk siren]
 34719 | Shoals:2 | Received a gift from Yredelemnul (a vampire knight)
 34722 | Shoals:2 | HP: 22/146 [poisoned by a merfolk siren]
 34729 | Shoals:2 | HP: 25/146 [poisoned by a merfolk siren]
 34739 | Shoals:2 | HP: 28/146 [poisoned by a merfolk siren]
 35216 | Shoals:2 | Noticed Donald
 35225 | Shoals:2 | Received a gift from Yredelemnul (a vampire knight)
 35229 | Shoals:2 | Killed Donald
 35229 | Shoals:2 | Reached skill level 20 in Long Blades
 35466 | Shoals:3 | HP: 53/146 [merfolk/+0 trident (8)]
 35472 | Shoals:3 | HP: 44/146 [merfolk javelineer/javelin (7)]
 35736 | Shoals:3 | Received a gift from Yredelemnul (a phantasmal warrior)
 36047 | Shoals:3 | Noticed a kraken
 36159 | Shoals:3 | Identified the +0 chain mail of Elyvilon's Outrage {Str+4}
                  | (You found it on level 3 of the Shoals)
 36216 | Shoals:3 | HP: 57/146 [merfolk/+0 trident (6)]
 36421 | Shoals:4 | Entered Level 4 of the Shoals
 36500 | Shoals:4 | HP: 56/146 [merfolk javelineer/javelin (7)]
 36506 | Shoals:4 | HP: 56/146 [sea snake (4)]
 36801 | Shoals:4 | HP: 52/146 [merfolk javelineer/+0 vampiric spear (8)]
 36812 | Shoals:4 | HP: 56/146 [merfolk javelineer/+0 vampiric spear (3)]
 36846 | Shoals:4 | Got a barnacled rune of Zot
 36913 | Shoals:4 | HP: 56/146 [snapping turtle (13)]
 37048 | Shoals:4 | Received a gift from Yredelemnul (a phantasmal warrior)
 37222 | Shoals:4 | HP: 58/146 [water nymph/the raging water (27)]
 37354 | Shoals:4 | Identified the Catalogue of Contamination
 37506 | Shoals:4 | Reached XP level 18. HP: 82/154 MP: 9/27
 37539 | Shoals:4 | Reached skill level 21 in Long Blades
 37797 | Shoals:4 | HP: 58/154 [merfolk impaler/+0 vorpal trident (19)]
 37799 | Shoals:4 | HP: 7/154 [cyclops/large rock (32)]
 38406 | Elf:1    | Entered Level 1 of the Elven Halls
 38837 | Elf:1    | HP: 55/154 [demonic crawler[a deep elf mage] (9)]
 38842 | Elf:1    | HP: 37/154 [poisoned by a +2 battleaxe of venom]
 38847 | Elf:1    | HP: 34/154 [poisoned by a +2 battleaxe of venom]
 38852 | Elf:1    | HP: 32/154 [poisoned by a +2 battleaxe of venom]
 38858 | Elf:1    | HP: 31/154 [poisoned by a +2 battleaxe of venom]
 38863 | Elf:1    | HP: 31/154 [poisoned by a +2 battleaxe of venom]
 38869 | Elf:1    | HP: 32/154 [poisoned by a +2 battleaxe of venom]
 38877 | Elf:1    | HP: 35/154 [poisoned by a +2 battleaxe of venom]
 38885 | Elf:1    | HP: 39/154 [poisoned by a +2 battleaxe of venom]
 39266 | Elf:1    | Noticed a Hell Sentinel
 39270 | Elf:1    | Noticed an Ice Fiend
 40096 | Elf:1    | Noticed a Brimstone Fiend
 40196 | Elf:2    | Received a gift from Yredelemnul (a skeletal warrior)
 40328 | Elf:2    | Found Ushraloss's Armour Emporium.
 40351 | Elf:2    | Bought the +2 pair of gloves "Sucunn" {MR+ Dex+3} for 634
                  | gold pieces
 40375 | Elf:2    | Found a runed translucent gate.
 40375 | Elf:2    | Found a runed translucent gate.
 40379 | Elf:2    | Found a runed translucent gate.
 40894 | Elf:3    | Entered Level 3 of the Elven Halls
 41141 | Elf:3    | Received a gift from Yredelemnul (a vampire)
 41264 | Elf:3    | Reached skill level 22 in Long Blades
 41322 | Elf:3    | HP: 55/154 [something (14)]
 41331 | Elf:3    | HP: 48/154 [something (15)]
 41362 | Elf:2    | Learned a level 2 spell: Song of Slaying
 41400 | Elf:2    | Learned a level 3 spell: Spectral Weapon
 41406 | Elf:2    | Learned a level 5 spell: Silence
 41431 | Elf:2    | Upgraded the game from 0.25-a0-566-g062765b to
                  | 0.25-a0-571-gb5e01bd
 42395 | Elf:3    | Received a gift from Yredelemnul (a phantasmal warrior)
 42614 | Elf:3    | HP: 47/154 [deep elf master archer/arrow (22)]
 42918 | Elf:3    | Reached XP level 19. HP: 139/160 MP: 9/28
 42960 | Elf:2    | HP: 58/160 [deep elf blademaster/+0 rapier (8)]
 43348 | Elf:3    | HP: 60/160 [deep elf master archer/arrow (31)]
 43607 | Elf:3    | HP: 56/160 [deep elf master archer/arrow (24)]
 43608 | Elf:3    | Received a gift from Yredelemnul (a ghoul)
 43613 | Elf:3    | HP: 32/160 [deep elf high priest/damnation (29)]
 43771 | Elf:3    | Reached skill level 23 in Long Blades
 44077 | Elf:3    | Identified the +7 battleaxe of Conservatism {vorpal, rF+
                  | Str-5 Dex+3 Stlth+}
 44103 | Elf:3    | Identified the +6 spear "Supsoel" {speed, *Noise rF+ Dex+4
                  | SInv}
 44154 | Elf:3    | Noticed a Tzitzimitl
 44219 | Elf:3    | Identified the cursed +1 chain mail of Noon {rC+ Str+7
                  | Dex+2} (You found it on level 3 of the Elven Halls)
 44613 | Vaults:1 | Entered Level 1 of the Vaults
 44619 | Vaults:1 | Received a gift from Yredelemnul (a ghoul)
 44822 | Vaults:1 | Received a gift from Yredelemnul (a flayed ghost)
 44999 | Vaults:1 | Received a gift from Yredelemnul (a skeletal warrior)
 45697 | Vaults:1 | Received a gift from Yredelemnul (a flayed ghost)
 45991 | Vaults:2 | Found an iron altar of Okawaru.
 46081 | Vaults:2 | Found Yxabrun's Antique Armour Boutique.
 46087 | Vaults:2 | Bought an encrusted ring mail for 360 gold pieces
 46087 | Vaults:2 | Identified the cursed +1 ring mail of Nanwa {rC+} (You
                  | bought it in a shop on level 2 of the Vaults)
 46269 | Vaults:2 | Reached skill level 24 in Long Blades
 46490 | Vaults:2 | Reached skill level 13 in Fighting
 46793 | Vaults:2 | Noticed a bone dragon
 46807 | Vaults:2 | Killed a bone dragon
 46808 | Vaults:2 | Found a staircase to the Crypt.
 46912 | Vaults:2 | Reached skill level 14 in Fighting
 47368 | Vaults:3 | Received a gift from Yredelemnul (a ghoul)
 47371 | Vaults:3 | Noticed Frederick
 47391 | Vaults:3 | Killed Frederick
 47391 | Vaults:3 | Reached skill level 15 in Fighting
 47391 | Vaults:3 | Reached XP level 20. HP: 155/178 MP: 8/29
 47394 | Vaults:3 | Noticed Margery
 47400 | Vaults:3 | HP: 64/178 [freezing wraith (33)]
 47612 | Vaults:2 | Killed Margery
 47681 | Vaults:3 | HP: 72/180 [hell knight/bolt of fire[Margery] (8)]
 47689 | Vaults:3 | HP: 61/180 [hell knight/+4 battleaxe[Margery] (8)]
 47692 | Vaults:3 | Reached skill level 16 in Fighting
 47713 | Vaults:3 | HP: 61/180 [flayed ghost (15)]
 47723 | Vaults:3 | HP: 39/180 [vault warden/+2 great sword (25)]
 47728 | Vaults:3 | HP: 16/180 [vault warden/+2 great sword (12)]
 48351 | Vaults:3 | Reached skill level 17 in Fighting
 48406 | Vaults:3 | Your ally Frederick died
 48533 | Vaults:3 | HP: 60/184 [white ugly thing (27)]
 48538 | Vaults:3 | HP: 63/184 [orc warrior/+0 dire flail[an orc knight] (2)]
 48998 | Vaults:3 | Received a gift from Yredelemnul (a flayed ghost)
 49178 | Vaults:3 | Reached skill level 18 in Fighting
 49435 | Vaults:4 | HP: 54/187 [yaktaur captain/bolt (26)]
 50178 | Vaults:4 | Received a gift from Yredelemnul (a ghoul)
 50389 | Vaults:4 | HP: 64/187 [balrug/+0 demon whip of venom[an ironheart
                  | preserver] (19)]
 50394 | Vaults:4 | HP: 48/187 [poisoned by a balrug]
 50399 | Vaults:4 | HP: 49/187 [poisoned by a balrug]
 50405 | Vaults:4 | HP: 50/187 [poisoned by a balrug]
 50410 | Vaults:4 | HP: 51/187 [poisoned by a balrug]
 50415 | Vaults:4 | HP: 53/187 [poisoned by a balrug]
 50421 | Vaults:4 | HP: 58/187 [poisoned by a balrug]
 50428 | Vaults:4 | HP: 65/187 [poisoned by a balrug]
 50436 | Vaults:4 | HP: 73/187 [poisoned by a balrug]
 50819 | Vaults:4 | Reached skill level 9 in Armour
 50819 | Vaults:4 | Reached skill level 9 in Dodging
 50850 | Vaults:4 | Found Ryipy's Assorted Antiques.
 50858 | Vaults:4 | Bought a scroll of blinking for 292 gold pieces
 51190 | Vaults:4 | Received a gift from Yredelemnul (a phantasmal warrior)
 51492 | Vaults:4 | Identified the +8 chain mail of the Original Sin {rElec}
                  | (You found it on level 4 of the Vaults)
 51928 | Depths:1 | Entered Level 1 of the Depths
 51942 | D:15     | HP: 35/187 [white very ugly thing (48)]
 52145 | Depths:1 | Noticed Asterion
 52325 | D:15     | Killed Asterion
 52327 | D:15     | Reached XP level 21. HP: 142/194 MP: 10/30
 52579 | Depths:1 | Received a gift from Yredelemnul (a phantasmal warrior)
 52602 | Depths:1 | Noticed Mara
 52615 | Depths:1 | Killed Mara
 52644 | Depths:1 | Received a gift from Yredelemnul (a phantasmal warrior)
 52807 | Depths:1 | Found a viscous altar of Jiyva.
 52816 | Depths:1 | Reached skill level 10 in Armour
 52816 | Depths:1 | Reached skill level 10 in Dodging
 52830 | Depths:1 | HP: 76/194 [acid (5)]
 52842 | Depths:1 | HP: 41/194 [fire giant/bolt of fire (25)]
 53074 | Depths:1 | Received a gift from Yredelemnul (a phantasmal warrior)
 53334 | Depths:1 | Found a gateway to Hell.
 53344 | Depths:1 | Noticed Nikola
 53357 | Depths:1 | Killed Nikola
 53364 | Depths:1 | Received a gift from Yredelemnul (a vampire knight)
 53388 | Depths:1 | Found a one-way gate leading to the halls of Pandemonium.
 53391 | Depths:1 | Received a gift from Yredelemnul (a phantasmal warrior)
 53516 | Depths:1 | Found a snail-covered altar of Cheibriados.
 53556 | Depths:1 | Found the +8 Wrath of Trog {antimagic, *Rage}
 54201 | Depths:2 | HP: 53/194 [white very ugly thing (33)]
 54214 | Depths:2 | Received a gift from Yredelemnul (a ghoul)
 54227 | Depths:2 | HP: 61/194 [yaktaur/bolt (8)]
 54244 | Depths:2 | HP: 62/194 [yaktaur/bolt (10)]
 54333 | Depths:2 | Reached skill level 11 in Armour
 54333 | Depths:2 | Reached skill level 11 in Dodging
 54714 | Depths:2 | Received a gift from Yredelemnul (a ghoul)
 54913 | Depths:2 | Identified the +4 dagger of the Shallot {vamp, rC+}
 54913 | Depths:2 | Identified the amulet "Uteimpit" {Gourm MR- MP+9 Dex+2}
 54928 | Depths:2 | Noticed a caustic shrike
 54931 | Depths:2 | Killed a caustic shrike
 54962 | Depths:2 | Received a gift from Yredelemnul (a skeletal warrior)
 55048 | Depths:2 | Found the +3 hat of Pondering {ponderous, MR+ MP+10 Int+5}
 55560 | Depths:3 | Reached XP level 22. HP: 194/202 MP: 10/31
 55587 | Depths:3 | HP: 70/202 [tengu reaver/bolt of poison (24)]
 55592 | Depths:3 | HP: 65/202 [poisoned by a tengu reaver (bolt of poison)]
 55597 | Depths:3 | HP: 64/202 [poisoned by a tengu reaver (bolt of poison)]
 55602 | Depths:3 | HP: 64/202 [poisoned by a tengu reaver (bolt of poison)]
 55608 | Depths:3 | HP: 64/202 [poisoned by a tengu reaver (bolt of poison)]
 55615 | Depths:3 | HP: 67/202 [poisoned by a tengu reaver (bolt of poison)]
 55622 | Depths:3 | HP: 71/202 [poisoned by a tengu reaver (bolt of poison)]
 55630 | Depths:3 | HP: 76/202 [poisoned by a tengu reaver (bolt of poison)]
 55791 | Depths:3 | Found Dybaf's One-of-a-Kind Books.
 55843 | Depths:3 | HP: 80/202 [poisoned by a spriggan rider]
 55848 | Depths:3 | HP: 75/202 [poisoned by a spriggan rider]
 55853 | Depths:3 | HP: 63/202 [poisoned by a spriggan rider]
 55858 | Depths:3 | HP: 62/202 [poisoned by a spriggan rider]
 55863 | Depths:3 | HP: 62/202 [poisoned by a spriggan rider]
 55869 | Depths:3 | HP: 63/202 [poisoned by a spriggan rider]
 55874 | Depths:3 | HP: 64/202 [poisoned by a spriggan rider]
 55881 | Depths:3 | HP: 66/202 [poisoned by a spriggan rider]
 55887 | Depths:2 | HP: 69/202 [poisoned by a spriggan rider]
 55895 | Depths:2 | HP: 74/202 [poisoned by a spriggan rider]
 56071 | Depths:3 | Reached skill level 12 in Armour
 56071 | Depths:3 | Reached skill level 12 in Dodging
 56161 | Depths:3 | Reached skill level 1 in Hexes
 56161 | Depths:3 | Reached skill level 1 in Charms
 56364 | Depths:3 | Reached skill level 1 in Spellcasting
 56526 | Depths:2 | Reached skill level 2 in Hexes
 56526 | Depths:2 | Reached skill level 2 in Charms
 56637 | Depths:3 | Noticed a caustic shrike
 56650 | Depths:3 | HP: 37/202 [golden dragon simulacrum[a vampire mage] (52)]
 56653 | Depths:3 | HP: 11/202 [acid (11)]
 56653 | Depths:3 | HP: 4/202 [vampire[a vampire mage] (7)]
 56653 | Depths:3 | Demolished by a golden dragon simulacrum

Levels and vault maps discovered:
D:1:      doesnt_arrival_eight_statues, layout_basic, minmay_misc_feat_enclosed
D:2:      layout_loops_ring, corexii_hall_statues_x, uniq_crazy_yiuf_cottage
D:3:      layout_rooms, chequers_temple_overflow_statue_of_worship, uniq_natasha
D:4:      layout_cave_pools, lemuel_round_altar, minmay_ogre_servants,
          uniq_menkaure, uniq_ijyb
D:5:      layout_loops_corners, lemuel_doored_altar, lemuel_round_altar,
          tso_metal_star, temple_green, first_ration
D:6:      layout_loops_ring, okawaru_metal_pillars_1_2, uniq_grinder
D:7:      layout_basic, uniq_pikel
D:8:      layout_rooms, trog_ov_bears_minmay, serial_curves, eino_curves_01,
          eino_curves_04, gup_ossuary_entry_pyramid, grunt_pizzeria,
          zaba_antful_of_joy, uniq_joseph, uniq_gastronok
D:9:      layout_irregular_city, roderic_batcave, abandoned_shop, nrook_uturn,
          uniq_erica
D:10:     layout_loops_cross, due_lair_maze_entry_diamond
D:11:     layout_rooms, chequers_serial_rivers_marsh, uniq_maurice
D:12:     layout_loops_cross, minmay_orc_entry_temple_small,
          hangedman_parallel_progression
D:13:     layout_irregular_city, serial_shops, nicolae_shop_stone,
          serial_column_ruins, column_ruins_hut_water, column_ruins_open_tiny,
          column_ruins_grid_1, column_ruins_columns_straight
D:14:     layout_basic, david_vaults_3, zin_angel, serial_ice, serial_ice_j,
          serial_ice_n, serial_ice_m, serial_ice_f
D:15:     grunt_enter_depths_magical_seal, layout_basic, lemuel_blue_sif_altar,
          wad_rectangle_vault
Lair:1:   layout_cave_shapes, gammafunk_ghost_cemetery, serial_bayou_shore_b
Lair:2:   layout_roguey, maelrawn_ghost_gauntlet_escape
Lair:3:   layout_roguey, serial_bayou_shore_b, uniq_urug
Lair:4:   layout_layer_cave, minmay_shoals_entry_hut,
          guppyfry_snake_entry_island, uniq_josephine, uniq_nergalle
Lair:5:   layout_gridlike, minmay_slime_entry_pillars, grunt_megastairs_4
Lair:6:   minmay_lair_end_frog_pond, layout_hall_layers, uniq_kirke
Shoals:1: layout_shoals, nicolae_shoals_undead_eyrie
Shoals:2: layout_shoals, hangedman_shoal_volcano, uniq_donald
Shoals:3: layout_shoals, uniq_jorgrun
Shoals:4: shoals_end_grunt_ice, layout_shoals
Snake:1:  layout_chambers, serial_shops, shop_coins,
          nicolae_snake_round_shape_thing, nicolae_coiled_stairwell_down
Snake:2:  layout_misc_corridors
Snake:3:  layout_cave_town, serial_bayou_shore_a
Snake:4:  grunt_snake_rune_spirals, layout_onion, serial_shops, shop, drop_trap,
          uniq_vashnia
Orc:1:    layout_diamond_mine, serial_shops, shop
Orc:2:    grunt_orc_gardens, layout_caves, grunt_orc_garden, grunt_orc_garden,
          grunt_orc_garden, grunt_orc_garden, gauntlet_entry_generic,
          serial_shops, shop, shop, bh_open_orc_temple
Elf:1:    layout_gridlike, minmay_elf_crystal_hexagon,
          serial_sigils_hangedman_carve
Elf:2:    layout_onion_city, serial_shops, shop, uniq_saint_roka
Elf:3:    minmay_elf_hall_four_x, layout_gridlike, onia_ninara_cookie
Vaults:1: nicolae_vaults_little_squares_3, hangedman_vaults_corner,
          vaults_dpeg_ring, ontoclasm_vaults_shuriken, vaults_mumra_chevron,
          v_misc_18, nicolae_vaults_little_squares_3, vaults_room_corners,
          vaults_room_door_hall, hangedman_vaults_maws,
          ontoclasm_vaults_decontamination, vaults_room_large_hall,
          nicolae_vaults_windows_and_doors_thing, layout_vaults_omnicross
Vaults:2: ontoclasm_vaults_chip, hangedman_vaults_nails,
          minmay_crypt_entry_nasty_monster, v_pattern_1, v_alt_pattern_2,
          v_misc_25, hangedman_vaults_maws, vaults_room_fours,
          ontoclasm_vaults_twist, nicolae_vaults_little_squares_4,
          vaults_room_pool, vaults_room_semicircle,
          nicolae_vaults_diagonal_hallway_7, nicolae_vaults_little_squares_1,
          layout_vaults_omnibox, basic_altar, serial_shops, nicolae_shop_trees
Vaults:3: nicolae_vaults_three_branches, v_rooms_6, dpeg_vaults_monster_row,
          vaults_mumra_minichess_inversion, nicolae_vaults_what_the_h,
          vaults_room_corners, vaults_room_fancy_cross, v_misc_23, st_cross,
          vaults_room_hallway, layout_vaults_maze_bifur, uniq_margery,
          uniq_frederick
Vaults:4: vaults_room_stairs_pillars, vaults_room_grid, ontoclasm_vaults_fault,
          nicolae_vaults_ninety_degrees, v_misc_30, hangedman_vaults_stagger,
          nicolae_vaults_bisected_inception, grunt_vaults_hallway_short,
          nicolae_vaults_holding_cells, v_rooms_1, layout_vaults_chaotic_city,
          serial_shops, shop
Depths:1: layout_cave_pools, hell_entry, mu_enter_wizlab_4, special_room
          [special_room_jelly], rand_demon_pan_entry_3, kennysheep_flooded_box,
          minmay_guarded_unrand_wrath_of_trog, firewood_loft, uniq_nikola,
          uniq_asterion, uniq_mara
Depths:2: minmay_the_grid_triangle_9x9_recursive_2_mashed
          [minmay_the_grid_triangle_9x9_prize_schism,
          minmay_the_grid_triangle_9x9_corrupted_corridor,
          minmay_the_grid_triangle_9x9_warning,
          minmay_the_grid_triangle_9x9_thin_v], layout_gridville,
          grunt_metal_band, minmay_misc_feat_diagonals
Depths:3: minmay_complete_graph, layout_gridville, rand_demon_pan_entry_9,
          hell_entry, nicolae_rare_books, st_stairs_8, infiniplex_staircase_x

Skill      XL: |  1  2  3  4  5  6  7  8  9 10 11 12 13 14 15 16 17 18 19 20 21 22 |
---------------+-------------------------------------------------------------------+-----
Short Blades   | 2 |  2.0
Maces & Flails | 1 2 |  2.5
Fighting       | 3 4 5 6 7 9 11 12 15 18 | 18.0
Invocations    | 7 10 12 13 | 13.0
Armour         | 4 8 9 11 12 | 12.0
Long Blades    | 5 11 14 15 16 18 20 22 24 | 24.0
Dodging        | 5 8 9 11 12 | 12.0
Hexes          | 2 |  2.3
Charms         | 2 |  2.3
Spellcasting   | 1 |  1.8
Throwing       | |  2.1
Stealth        | |  2.5

Action                   |  1- 3 |  4- 6 |  7- 9 | 10-12 | 13-15 | 16-18 | 19-21 | 22-24 || total
-------------------------+-------+-------+-------+-------+-------+-------+-------+-------++-------
Melee: Mace              |    13 |       |       |       |       |       |       |       ||    13
       Dagger            |     4 |       |       |       |       |       |       |       ||     4
       Kick              |    16 |    27 |   108 |   266 |   437 |   657 |   867 |    78 ||  2456
       Spear             |    76 |       |       |       |       |       |       |       ||    76
       Flail             |    29 |   120 |   303 |       |       |       |       |       ||   452
       Whip              |       |       |   104 |   412 |       |       |       |       ||   516
       Scimitar          |       |       |       |   395 |  1084 |       |       |       ||  1479
       Triple sword      |       |       |       |       |   123 |  1372 |  1510 |   145 ||  3150
Throw: Dart              |       |       |       |     2 |       |       |       |       ||     2
Invok: Animate Remains   |       |       |     6 |     3 |       |       |       |       ||     9
       Animate Dead      |       |       |       |    27 |    73 |    74 |    74 |     5 ||   253
       Injury Mirror     |       |       |       |     1 |       |     1 |       |       ||     2
       Recall Undead Sla |       |       |       |     2 |       |     5 |     5 |       ||    12
       Enslave Soul      |       |       |       |       |     2 |     1 |       |       ||     3
       Drain Life        |       |       |       |       |     1 |     1 |       |       ||     2
       Stop Recall       |       |       |       |       |       |     3 |     4 |       ||     7
Evoke: Wand              |       |     4 |       |    37 |       |     2 |     2 |     1 ||    46
  Use: Scroll            |     2 |    10 |     3 |    10 |    11 |    12 |    10 |       ||    58
       Potion            |     2 |       |       |     5 |     3 |     7 |     1 |       ||    18
 Stab: Sleeping          |     1 |       |       |       |     4 |     3 |     9 |       ||    17
       Paralysed         |       |       |       |    17 |       |     3 |       |       ||    20
       Distracted        |       |       |       |     3 |    17 |    28 |     9 |     3 ||    60
       Confused          |       |       |       |     1 |       |       |       |       ||     1
       Invisible         |       |       |       |       |    11 |       |       |       ||    11
  Eat: Chunk             |     5 |     3 |    16 |    26 |    44 |    51 |    49 |     1 ||   195
       Ration            |       |       |     1 |     2 |     4 |     4 |     3 |     1 ||    15
Armor: Robe              |     7 |       |       |       |       |       |       |       ||     7
       Chain mail        |    76 |     6 |       |       |       |   320 |   283 |   152 ||   837
       Plate armour      |       |   104 |   355 |    11 |       |       |       |       ||   470
       Ring mail         |       |       |       |   401 |   517 |   358 |   344 |       ||  1620
       Fire dragon scale |       |       |       |       |       |       |    38 |       ||    38
Dodge: Dodged            |    33 |    50 |   170 |   350 |   486 |   958 |   877 |   123 ||  3047
Block: Kite shield       |       |       |    46 |   327 |   267 |       |       |       ||   640
       Rpst.: Scimitar   |       |       |       |    48 |   108 |       |       |       ||   156
       Triple sword      |       |       |       |       |    15 |   201 |   173 |    21 ||   410

Table legend:
 A = Non-vault XP
 B = Vault XP
 C = Vault XP percentage of total XP
 D = Non-vault monster count
 E = Vault monster count
 F = Vault count percentage of total count
                 A         B        C        D         E       F
            +---------+---------+-------+---------+---------+-------
      Total |  419222 |  325848 |  43.7 |    1257 |     688 |  35.4
            +---------+---------+-------+---------+---------+-------
        D:1 |      25 |       0 |   0.0 |      15 |       0 |   0.0
        D:2 |      43 |       0 |   0.0 |      18 |       0 |   0.0
        D:3 |     126 |      35 |  21.7 |      26 |       1 |   3.7
        D:4 |     369 |     321 |  46.5 |      14 |      11 |  44.0
        D:5 |     644 |       0 |   0.0 |      17 |       0 |   0.0
        D:6 |     657 |     267 |  28.9 |      12 |       1 |   7.7
        D:7 |    1432 |    2273 |  61.3 |      25 |      17 |  40.5
        D:8 |    1158 |    3923 |  77.2 |      25 |      25 |  50.0
        D:9 |    3728 |     959 |  20.5 |      32 |      10 |  23.8
       D:10 |    2293 |    1383 |  37.6 |      23 |      10 |  30.3
       D:11 |    4025 |     480 |  10.7 |      29 |       1 |   3.3
       D:12 |    5420 |    4787 |  46.9 |      31 |      57 |  64.8
       D:13 |    5215 |       0 |   0.0 |      26 |       0 |   0.0
       D:14 |    8327 |    6646 |  44.4 |      35 |      34 |  49.3
       D:15 |   16415 |    8189 |  33.3 |      48 |      17 |  26.2
     Lair:1 |    2421 |       0 |   0.0 |      16 |       0 |   0.0
     Lair:2 |    3309 |       0 |   0.0 |      19 |       0 |   0.0
     Lair:3 |    4632 |    1919 |  29.3 |      17 |       6 |  26.1
     Lair:4 |    7123 |    1039 |  12.7 |      26 |       3 |  10.3
     Lair:5 |    8931 |     770 |   7.9 |      31 |       5 |  13.9
     Lair:6 |    3361 |   10831 |  76.3 |      18 |      57 |  76.0
   Shoals:1 |   11345 |    1343 |  10.6 |      27 |       6 |  18.2
   Shoals:2 |   13434 |    4605 |  25.5 |      31 |      10 |  24.4
   Shoals:3 |   15270 |       0 |   0.0 |      50 |       0 |   0.0
   Shoals:4 |    9148 |   15414 |  62.8 |      27 |      35 |  56.5
    Snake:1 |   13726 |     129 |   0.9 |      36 |       1 |   2.7
    Snake:2 |   14766 |       0 |   0.0 |      41 |       0 |   0.0
    Snake:3 |   15187 |       0 |   0.0 |      32 |       0 |   0.0
    Snake:4 |    7168 |   42625 |  85.6 |      16 |      96 |  85.7
      Orc:1 |    5256 |    1753 |  25.0 |      55 |       7 |  11.3
      Orc:2 |    3206 |    7841 |  71.0 |      34 |      28 |  45.2
      Elf:1 |   18166 |    3879 |  17.6 |      38 |       7 |  15.6
      Elf:2 |    8039 |    6560 |  44.9 |      16 |       6 |  27.3
      Elf:3 |   21417 |   49761 |  69.9 |      40 |      56 |  58.3
   Vaults:1 |   24487 |   11950 |  32.8 |      48 |      28 |  36.8
   Vaults:2 |    9164 |   24041 |  72.4 |      16 |      36 |  69.2
   Vaults:3 |   22818 |   35877 |  61.1 |      55 |      51 |  48.1
   Vaults:4 |   24631 |   18216 |  42.5 |      50 |      18 |  26.5
   Depths:1 |   20903 |   33364 |  61.5 |      34 |      24 |  41.4
   Depths:2 |   56990 |   19437 |  25.4 |      74 |      19 |  20.4
   Depths:3 |   24447 |    5231 |  17.6 |      34 |       5 |  12.8
            +---------+---------+-------+---------+---------+-------

Table legend:
 A = Kills in this place as a percentage of kills in entire the game.
 B = Kills by you in this place as a percentage of kills by you in the entire game.
 C = Kills by friends in this place as a percentage of kills by friends in the entire game.
 D = Other kills in this place as a percentage of other kills in the entire game.
 E = Experience gained in this place as a percentage of experience gained in the entire game.
 F = Experience gained in this place divided by the number of levels of this place that you have seen.
                   A       B       C       D       E      F
               +-------+-------+-------+-------+-------+----------------------
         Total | 100.0 | 100.0 | 100.0 | 100.0 | 100.0 | 18172.4
       Dungeon |  28.8 |  34.7 |  14.6 |  14.3 |  10.6 | 5276.0
          Lair |  10.2 |   9.7 |  11.5 |   0.0 |   6.0 | 7389.3
        Shoals |   9.6 |   6.9 |  15.9 |  14.3 |   9.5 | 17639.8
     Snake Pit |  11.4 |   6.2 |  24.2 |   0.0 |  12.6 | 23400.2
  Orcish Mines |   6.4 |   5.3 |   8.8 |  14.3 |   2.4 | 9028.0
   Elven Halls |   8.4 |  10.3 |   3.7 |  14.3 |  14.5 | 35940.7
        Vaults |  15.5 |  17.3 |  11.1 |  28.6 |  23.0 | 42796.0
        Depths |   9.8 |   9.6 |  10.2 |  14.3 |  21.5 | 53457.3
               +-------+-------+-------+-------+-------+----------------------

Table legend:
 A = Turns spent in this place as a percentage of turns spent in the entire game.
 B = Non-inter-level travel turns spent in this place as a percentage of non-inter-level travel turns spent in the entire game.
 C = Inter-level travel turns spent in this place as a percentage of turns spent in this place.
 D = Turns resting spent in this place as a percentage of non-inter-level travel turns spent in this place.
 E = Turns spent auto-exploring this place as a percentage of non-inter-level travel turns spent in this place.
 F = Non-inter-level travel turns spent in this place divided by the number of levels of this place that you've seen.
                   A       B       C       D       E      F
               +-------+-------+-------+-------+-------+----------------------
         Total | 100.0 | 100.0 |   5.3 |  29.7 |  36.6 | 1307.9
       Dungeon |  34.6 |  34.2 |   6.5 |  30.7 |  43.2 | 1222.8
          Lair |  12.0 |  11.7 |   7.5 |  21.3 |  50.9 | 1047.0
        Shoals |   8.7 |   8.8 |   4.3 |  40.0 |  17.5 | 1178.5
     Snake Pit |  10.9 |  11.1 |   3.9 |  35.5 |  33.9 | 1484.5
  Orcish Mines |   3.3 |   3.1 |  11.4 |   7.6 |  37.6 | 840.0
   Elven Halls |  10.8 |  11.0 |   3.2 |  27.0 |  21.4 | 1972.0
        Vaults |  12.8 |  13.0 |   4.2 |  25.4 |  41.0 | 1737.5
        Depths |   6.8 |   7.1 |   1.7 |  38.3 |  23.6 | 1267.3
               +-------+-------+-------+-------+-------+----------------------

Levels and vault maps discovered:
D:1:      doesnt_arrival_eight_statues, layout_basic, minmay_misc_feat_enclosed
D:2:      layout_loops_ring, corexii_hall_statues_x, uniq_crazy_yiuf_cottage
D:3:      layout_rooms, chequers_temple_overflow_statue_of_worship, uniq_natasha
D:4:      layout_cave_pools, lemuel_round_altar, minmay_ogre_servants,
          uniq_menkaure, uniq_ijyb
D:5:      layout_loops_corners, lemuel_doored_altar, lemuel_round_altar,
          tso_metal_star, temple_green, first_ration
D:6:      layout_loops_ring, okawaru_metal_pillars_1_2, uniq_grinder
D:7:      layout_basic, uniq_pikel
D:8:      layout_rooms, trog_ov_bears_minmay, serial_curves, eino_curves_01,
          eino_curves_04, gup_ossuary_entry_pyramid, grunt_pizzeria,
          zaba_antful_of_joy, uniq_joseph, uniq_gastronok
D:9:      layout_irregular_city, roderic_batcave, abandoned_shop, nrook_uturn,
          uniq_erica
D:10:     layout_loops_cross, due_lair_maze_entry_diamond
D:11:     layout_rooms, chequers_serial_rivers_marsh, uniq_maurice
D:12:     layout_loops_cross, minmay_orc_entry_temple_small,
          hangedman_parallel_progression
D:13:     layout_irregular_city, serial_shops, nicolae_shop_stone,
          serial_column_ruins, column_ruins_hut_water, column_ruins_open_tiny,
          column_ruins_grid_1, column_ruins_columns_straight
D:14:     layout_basic, david_vaults_3, zin_angel, serial_ice, serial_ice_j,
          serial_ice_n, serial_ice_m, serial_ice_f
D:15:     grunt_enter_depths_magical_seal, layout_basic, lemuel_blue_sif_altar,
          wad_rectangle_vault
Lair:1:   layout_cave_shapes, gammafunk_ghost_cemetery, serial_bayou_shore_b
Lair:2:   layout_roguey, maelrawn_ghost_gauntlet_escape
Lair:3:   layout_roguey, serial_bayou_shore_b, uniq_urug
Lair:4:   layout_layer_cave, minmay_shoals_entry_hut,
          guppyfry_snake_entry_island, uniq_josephine, uniq_nergalle
Lair:5:   layout_gridlike, minmay_slime_entry_pillars, grunt_megastairs_4
Lair:6:   minmay_lair_end_frog_pond, layout_hall_layers, uniq_kirke
Shoals:1: layout_shoals, nicolae_shoals_undead_eyrie
Shoals:2: layout_shoals, hangedman_shoal_volcano, uniq_donald
Shoals:3: layout_shoals, uniq_jorgrun
Shoals:4: shoals_end_grunt_ice, layout_shoals
Snake:1:  layout_chambers, serial_shops, shop_coins,
          nicolae_snake_round_shape_thing, nicolae_coiled_stairwell_down
Snake:2:  layout_misc_corridors
Snake:3:  layout_cave_town, serial_bayou_shore_a
Snake:4:  grunt_snake_rune_spirals, layout_onion, serial_shops, shop, drop_trap,
          uniq_vashnia
Orc:1:    layout_diamond_mine, serial_shops, shop
Orc:2:    grunt_orc_gardens, layout_caves, grunt_orc_garden, grunt_orc_garden,
          grunt_orc_garden, grunt_orc_garden, gauntlet_entry_generic,
          serial_shops, shop, shop, bh_open_orc_temple
Elf:1:    layout_gridlike, minmay_elf_crystal_hexagon,
          serial_sigils_hangedman_carve
Elf:2:    layout_onion_city, serial_shops, shop, uniq_saint_roka
Elf:3:    minmay_elf_hall_four_x, layout_gridlike, onia_ninara_cookie
Vaults:1: nicolae_vaults_little_squares_3, hangedman_vaults_corner,
          vaults_dpeg_ring, ontoclasm_vaults_shuriken, vaults_mumra_chevron,
          v_misc_18, nicolae_vaults_little_squares_3, vaults_room_corners,
          vaults_room_door_hall, hangedman_vaults_maws,
          ontoclasm_vaults_decontamination, vaults_room_large_hall,
          nicolae_vaults_windows_and_doors_thing, layout_vaults_omnicross
Vaults:2: ontoclasm_vaults_chip, hangedman_vaults_nails,
          minmay_crypt_entry_nasty_monster, v_pattern_1, v_alt_pattern_2,
          v_misc_25, hangedman_vaults_maws, vaults_room_fours,
          ontoclasm_vaults_twist, nicolae_vaults_little_squares_4,
          vaults_room_pool, vaults_room_semicircle,
          nicolae_vaults_diagonal_hallway_7, nicolae_vaults_little_squares_1,
          layout_vaults_omnibox, basic_altar, serial_shops, nicolae_shop_trees
Vaults:3: nicolae_vaults_three_branches, v_rooms_6, dpeg_vaults_monster_row,
          vaults_mumra_minichess_inversion, nicolae_vaults_what_the_h,
          vaults_room_corners, vaults_room_fancy_cross, v_misc_23, st_cross,
          vaults_room_hallway, layout_vaults_maze_bifur, uniq_margery,
          uniq_frederick
Vaults:4: vaults_room_stairs_pillars, vaults_room_grid, ontoclasm_vaults_fault,
          nicolae_vaults_ninety_degrees, v_misc_30, hangedman_vaults_stagger,
          nicolae_vaults_bisected_inception, grunt_vaults_hallway_short,
          nicolae_vaults_holding_cells, v_rooms_1, layout_vaults_chaotic_city,
          serial_shops, shop
Depths:1: layout_cave_pools, hell_entry, mu_enter_wizlab_4, special_room
          [special_room_jelly], rand_demon_pan_entry_3, kennysheep_flooded_box,
          minmay_guarded_unrand_wrath_of_trog, firewood_loft, uniq_nikola,
          uniq_asterion, uniq_mara
Depths:2: minmay_the_grid_triangle_9x9_recursive_2_mashed
          [minmay_the_grid_triangle_9x9_prize_schism,
          minmay_the_grid_triangle_9x9_corrupted_corridor,
          minmay_the_grid_triangle_9x9_warning,
          minmay_the_grid_triangle_9x9_thin_v], layout_gridville,
          grunt_metal_band, minmay_misc_feat_diagonals
Depths:3: minmay_complete_graph, layout_gridville, rand_demon_pan_entry_9,
          hell_entry, nicolae_rare_books, st_stairs_8, infiniplex_staircase_x
